 Dungeon Crawl Stone Soup version 0.24.1-8-ga250c9d538 (webtiles) character file.

Game seed: 6560015306406035375, levelgen mode: deterministic

179 Krapule the Shield-Bearer (level 5, 0/36 HPs)
             Began as a Halfling Fighter on May 7, 2020.
             Slain by a howler monkey (4 damage)
             ... on level 4 of the Dungeon.
             The game lasted 00:10:31 (2243 turns).

Krapule the Shield-Bearer (Halfling Fighter)        Turns: 2243, Time: 00:10:32

Health: 0/36       AC: 13    Str: 14 (17) XL:     5   Next: 90%
Magic:  5/5        EV:  9    Int:  3 (6)  God:
Gold:   3          SH: 10    Dex: 18 (20) Spells: 4/4 levels left

rFire    . . .     SeeInvis .   a - +0 rapier
rCold    . . .     Gourm    .   c - +0 shield
rNeg     . . .     Faith    .   h - +0 plate armour
rPois    .         Spirit   .   (no helmet)
rElec    .         Reflect  .   j - +1 cloak
rCorr    .         Harm     .   (no gloves)
MR       .....                  (no boots)
Stlth    ..........             m - amulet of the acrobat
HPRegen  0.12/turn              (no ring)
MPRegen  0.09/turn              (no ring)

@: agile, lethally poisoned (0 -> -2)
A: small, mutation resistance 1
a: no special abilities


You were on level 4 of the Dungeon.
You were hungry.

You visited 1 branch of the dungeon, and saw 4 of its levels.

You collected 120 gold pieces.
You spent 117 gold pieces at shops.

Inventory:

Hand Weapons
 a - a +0 rapier (weapon)
Armour
 c - a +0 shield (worn)
 h - a +0 plate armour (worn)
 j - a +1 cloak (worn)
 u - a +0 leather armour
Jewellery
 m - an amulet of the acrobat (around neck)
Wands
 b - a wand of polymorph (7)
Scrolls
 g - 2 scrolls of identify
 i - 2 scrolls of teleportation
 k - 2 scrolls of immolation
 l - a scroll of enchant armour
 n - 2 scrolls of enchant weapon {unknown}
 r - a scroll of fear {unknown}
 s - a scroll of noise {unknown}
 x - a scroll of blinking {unknown}
 y - a scroll of remove curse {unknown}
Potions
 d - a potion of might
 e - 2 potions of flight
 o - a potion of invisibility
 p - a potion of mutation
Comestibles
 f - 4 rations
 t - 4 chunks of flesh


   Skills:
 + Level 3.3 Fighting
 + Level 3.6 Short Blades
 + Level 4.0 Armour
 + Level 2.1 Dodging
 + Level 1.8 Stealth
 + Level 4.1 Shields


You had 4 spell levels left.
You didn't know any spells.
Your spell library was empty.

Dungeon Overview and Level Annotations

Branches:
Dungeon (4/15)
 Temple: D:4-7

Altars:
Yredelemnul

Shops:
D:4 *

Annotations:
D:3 Natasha


Innate Abilities, Weirdness & Mutations

You are small and have problems with some larger weapons.
You are somewhat resistant to further mutation.


Message History

You hear an angry hiss.
You puncture the orc!
You kill the orc!
You feel sick.
You closely miss the howler monkey.
The howler monkey hoots and howls with incredible vigour!
The howler monkey hits you but does no damage.
You hear an angry hiss.
You hit the howler monkey.
The howler monkey is moderately wounded.
You feel sick. You block the howler monkey's attack.
Your shield and plate armour prevent you from hitting the howler monkey.
The howler monkey is moderately wounded.
The howler monkey closely misses you.
The howler monkey hits you but does no damage.
You hit the howler monkey.
The howler monkey is heavily wounded.
You hear the slow rusting of a drain nearby.
You feel sick. The howler monkey hits you.
You die...

.............# #.#
##.#.........# #.#
##$#.........# ##.##
.............#.. ##...#
..........∩..##.o.#....#
...<.........###..a....#
.....#######..## #..#
.....# #...######..#
....## ##...@h.....#
....# ##..######.# ....#
#........ .# >...#
#........ ## #####
#......... ########
#<.....(..
......................
#####.#######.........
#........


You could see a howler monkey.

Vanquished Creatures
  Crazy Yiuf (D:2)
  Jessica (D:2)
  A gnoll (D:1)
  3 adders
  2 oozes
  3 worms (D:2)
  A dart slug (D:1)
  2 leopard geckos
  An orc (D:4)
  A ball python (D:2)
  4 giant cockroaches
  5 goblins
  7 hobgoblins
  6 jackals
  4 quokkas
  10 bats
  2 frilled lizards
  10 kobolds
  4 rats
68 creatures vanquished.

Notes
Turn   | Place    | Note
-------+----------+-------------------------------------------
     0 | D:1      | Krapule the Halfling Fighter began the quest for the Orb.
     0 | D:1      | Reached XP level 1. HP: 15/15 MP: 1/1
    81 | D:1      | Reached XP level 2. HP: 20/20 MP: 2/2
   196 | D:1      | Reached XP level 3. HP: 24/25 MP: 3/3
   206 | D:1      | Reached skill level 1 in Dodging
   553 | D:2      | Noticed Jessica
   558 | D:2      | Reached skill level 1 in Stealth
   558 | D:2      | Reached XP level 4. HP: 28/31 MP: 4/4
   568 | D:2      | Killed Jessica
   732 | D:2      | Found a runed translucent door.
   733 | D:2      | Noticed Crazy Yiuf
   974 | D:2      | Reached XP level 5. HP: 33/36 MP: 5/5
  1592 | D:2      | Killed Crazy Yiuf
  1794 | D:3      | Noticed Natasha
  2031 | D:3      | Noticed Natasha
  2031 | D:3      | Natasha changed into Natasha the scorpion
  2158 | D:4      | Found a basalt altar of Yredelemnul.
  2178 | D:4      | Found Hieheap's Assorted Antiques.
  2186 | D:4      | Bought a viscous ruby potion for 15 gold pieces
  2186 | D:4      | Bought a scroll of teleportation for 51 gold pieces
  2186 | D:4      | Bought a scroll labeled VIRCHA MICIQI for 17 gold pieces
  2186 | D:4      | Bought a scroll labeled WYSERIDGHUSK for 17 gold pieces
  2186 | D:4      | Bought a scroll labeled SEUZXEP YBISOA for 17 gold pieces
  2243 | D:4      | Slain by a howler monkey

Levels and vault maps discovered:
D:1:      wander_arrival_fairy_ring, layout_rooms, minmay_tetromino_l2
D:2:      layout_loops_corners, kennysheep_generic_room_11, uniq_jessica,
          uniq_crazy_yiuf_cottage
D:3:      layout_loops_ring, vehumet_crystals, uniq_natasha
D:4:      layout_rooms, overflow_temple_1_default, grunt_qazlal_clouds,
          first_ration, serial_shops, shop, gup_sewer_entry_spiral,
          minmay_shop_grid_forest, minmay_cupped

Skill      XL: |  1  2  3  4  5 |
---------------+----------------+-----
Dodging        | 1 2 |  2.1
Fighting       | 3 |  3.3
Short Blades   | 3 |  3.6
Stealth        | 1 |  1.8
Shields        | 4 |  4.1
Armour         | 4 |  4.0

Action                   |  1- 3 |  4- 6 || total
-------------------------+-------+-------++-------
Melee: Rapier            |   108 |   153 ||   261
       Unarmed           |       |     7 ||     7
Evoke: Wand              |       |     2 ||     2
  Use: Scroll            |     1 |     5 ||     6
       Potion            |       |     3 ||     3
  Eat: Chunk             |       |     4 ||     4
Armor: Scale mail        |     8 |       ||     8
       Plate armour      |    36 |    45 ||    81
Dodge: Dodged            |    19 |    47 ||    66
Block: Shield            |    52 |    51 ||   103
